 Dungeon Crawl Stone Soup version 0.26.1-11-gd32895ea62 (webtiles) character file.

Game seed: 2820930312545627134

39 jlumianski the Caller (level 3, -8/14 HPs)
             Began as a Felid Summoner on May 22, 2021.
             Killed by divine providence
             ... invoked by an orc priest
              (12 damage)
             ... on level 2 of the Dungeon.
             The game lasted 00:07:44 (2153 turns).

jlumianski the Caller (Felid Summoner)              Turns: 2153, Time: 00:07:46

Health: -8/14      AC:  1    Str:  4    XL:     3   Next: 28%
Magic:  1/8        EV: 18    Int: 17    God:
Gold:   171        SH:  0    Dex: 16    Spells: 4/7 levels left
                                        Lives:  0   Deaths: 0

rFire    . . .     SeeInvis +   (weapon unavailable)
rCold    . . .     Faith    .   (shield unavailable)
rNeg     . . .     Spirit   .   (armour unavailable)
rPois    .         Reflect  .   (helmet unavailable)
rElec    .         Harm     .   (cloak unavailable)
rCorr    .         Rampage  .   (gloves unavailable)
Will     .....                  (boots unavailable)
Stlth    ++++......             (no amulet)
HPRegen  0.04/turn              a - ring of stealth
MPRegen  0.11/turn              (no ring)

@: quick
A: very small, no armour, no weapons or thrown items, stealth, claws 1, fangs 3,
see invisible, speed 1, shaggy fur 1, sharp paws
a: no special abilities


You were on level 2 of the Dungeon.
You visited 1 branch of the dungeon, and saw 3 of its levels.

You collected 171 gold pieces.

Inventory:

Jewellery
 a - a ring of stealth (left paw)
Scrolls
 b - 3 scrolls of remove curse {unknown}
 c - 6 scrolls of identify {unknown}
 f - 2 scrolls of teleportation {unknown}
Potions
 d - a potion of experience {unknown}
 e - a potion of heal wounds {unknown}


   Skills:
 + Level 2.8 Dodging
 + Level 2.9 Stealth
 + Level 2.8 Spellcasting
 + Level 4.4 Summonings


You had 4 spell levels left.
You knew the following spells:

 Your Spells              Type           Power        Failure   Level
a - Summon Small Mammal   Summ           68%          2%          1
b - Call Imp              Summ           17%          4%          2

Your spell library contained the following spells:

 Spells                   Type           Power        Failure   Level
 Call Canine Familiar     Summ           17%          9%          3
 Summon Guardian Golem    Hex/Summ       10%          22%         3
 Summon Ice Beast         Ice/Summ       10%          56%         4
 Summon Lightning Spire   Summ/Air       10%          56%         4


Dungeon Overview and Level Annotations

Branches:
Dungeon (3/15)

Altars:
Elyvilon
Xom


Innate Abilities, Weirdness & Mutations

You cannot wear armour.
You are incapable of wielding weapons or throwing items.
Your paws allow you to move quietly. (Stealth)
You have sharp claws.
You have razor-sharp teeth.
You have supernaturally acute eyesight. (SInv)
You cover ground quickly.
You are covered in fur. (AC +1)
Your sharp claws are effective at attacking unaware monsters.


Message History

The orc hits your bat with a +0 dagger.
Your bat barely misses the orc.
Your crimson imp hits the orc but does no damage.
Your bat barely misses the orc.
Your bat hits the orc but does no damage.
Your bat hits the orc priest but does no damage.
The orc completely misses your crimson imp.
Your bat hits the orc priest but does no damage.
Your bat hits the orc priest but does no damage.
Your bat hits the orc priest but does no damage.
Your bat barely misses the orc priest.
Your bat hits the orc priest but does no damage.
Your bat closely misses the orc priest.
Your bat hits the orc priest but does no damage.
Casting: Summon Small Mammal (safe; 2% risk of failure)
Confirm with . or Enter, or press ? or * to list all spells.
Your bat barely misses the orc priest.
The orc priest invokes the aid of Beogh against you.
Beogh smites you!
Ouch! That really hurt!
You die...

...(...#.#.......................
######.#.........b.........<.....
#...#.#.........b.5.............
#.#.#.##...o#+#..b.o............
#.#...#.......#......>.#.#.#.#.#
##.###.......#.########..........
.#.......#...#...# ##...⌠.....⌠
.###############.# #......._...
.#####≈≈≈≈......@#####....⌠.....⌠
.##...≈.......#..................
.##...≈≈≈≈....+.b.......#.#.#.#.#
.##...........#..................
.##...........##.>.............#.
.##...........##........#########
.##...........'.........# #####
.##...........##........# #....
.##...(.......##........# #....


You could see an orc priest and a friendly bat (summoned).

Vanquished Creatures
  A ball python (D:2)
  A goblin (D:1)
  A bat (D:2)
  A frilled lizard (D:2)
  2 rats
6 creatures vanquished.

Vanquished Creatures (collateral kills)
  2 adders (D:2)
  2 worms (D:2)
  A dart slug (D:1)
  A leopard gecko (D:2)
  3 bats
  2 goblins (D:1)
  5 hobgoblins (D:1)
  5 kobolds (D:1)
  4 frilled lizards
  5 rats (D:1)
30 creatures vanquished.

Grand Total: 36 creatures vanquished

Notes
Turn   | Place    | Note
-------+----------+-------------------------------------------
     0 | D:1      | jlumianski the Felid Summoner began the quest for the Orb.
     0 | D:1      | Reached XP level 1. HP: 7/7 MP: 4/4
   328 | D:1      | Reached XP level 2. HP: 11/11 MP: 6/6
   411 | D:1      | Learned a level 2 spell: Call Imp
   904 | D:1      | Found a shimmering altar of Xom.
  1217 | D:2      | Found a white marble altar of Elyvilon.
  1251 | D:2      | Reached XP level 3. HP: 14/14 MP: 0/7
  2153 | D:2      | Killed from afar by an orc priest

Illustrated notes

Levels and vault maps discovered:
D:1:      tarquinn_simple_flora_water_c, layout_rooms, xom_teletrap_fun
D:2:      layout_basic, elyvilon_altar_5, serial_rivers,
          chequers_serial_rivers_micro_d, chequers_serial_rivers_micro_d,
          chequers_serial_rivers_micro_b, chequers_serial_rivers_small_a,
          chequers_serial_rivers_room_a
D:3:      gammafunk_wand_slinger, layout_basic, gammafunk_temple_overflow_pools,
          uniq_robin

Action                   || total
-------------------------++-------
Melee: Unarmed           ||    21
       Bite              ||     1
 Cast: Summon Small Mamm ||    46
       Call Imp          ||    12
 Stab: Sleeping          ||     7
Armor: Skin              ||     1
Dodge: Dodged            ||    26
